 Dungeon Crawl Stone Soup version 0.27.0-1-g7a089689b8 (webtiles) character file.

Game seed: 1686464663476412387

30 Descartes the Covert (level 3, -4/19 HPs)
             Began as a Spriggan Delver on Aug 15, 2021.
             Slain by a water moccasin (9 damage)
             ... on level 5 of the Dungeon.
             The game lasted 00:01:08 (106 turns).

Descartes the Covert (Spriggan Delver)               Turns: 106, Time: 00:01:09

Health: -4/19      AC:  2    Str:  9    XL:     3   Next: 3%
Magic:  4/4        EV: 18    Int: 11    God:
Gold:   0          SH:  0    Dex: 16    Spells: 2/2 levels left

rFire    . . .     SeeInvis +   a - +0 short sword
rCold    . . .     Faith    .   (shield restricted)
rNeg     . . .     Spirit   .   i - +0 robe
rPois    .         Reflect  .   (helmet restricted)
rElec    .         Harm     .   (no cloak)
rCorr    .         Rampage  .   (gloves unavailable)
Will     .....                  (boots unavailable)
Stlth    ++++......             (no amulet)
HPRegen  0.06/turn              (no ring)
MPRegen  0.09/turn              (no ring)

@: hasted, very quick
A: very small, no large weapons, unfitting armour, see invisible, speed 3
a: no special abilities


You were on level 5 of the Dungeon.
You visited 1 branch of the dungeon, and saw 1 of its levels.

Inventory:

Hand Weapons
 a - a +0 short sword (weapon)
 b - a +0 hunting sling
Missiles
 j - 18 stones (quivered)
Armour
 i - a +0 robe (worn)
Wands
 g - a wand of digging (3)
Scrolls
 c - a scroll of fog
 d - a scroll of magic mapping
 e - a scroll of fear


   Skills:
 - Level 2.4 Fighting
 + Level 2.7 Short Blades
 + Level 3.3 Dodging
 * Level 8.0 Stealth


You had 2 spell levels left.
You didn't know any spells.
Your spell library was empty.

Dungeon Overview and Level Annotations

Branches:
Dungeon (5/15)
 Temple: D:4-7

Altars:

Annotations:
D:5 exclusion: water moccasin


Innate Abilities, Weirdness & Mutations

You are very small and have problems with some larger weapons.
You are too small for most types of armour.
You have supernaturally acute eyesight. (SInv)
You cover ground extremely quickly. (Speed+++)


Message History

You feel sick.
The water moccasin bites you but does no damage.
You hit the water moccasin but do no damage.
The water moccasin is moderately wounded.
Your transformation is almost over.
You feel sick.
The water moccasin bites you but does no damage.
You hit the water moccasin.
The water moccasin is moderately wounded.
You feel sick. The water moccasin bites you.
The water moccasin bites you but does no damage.
You hit the water moccasin.
The water moccasin is moderately wounded.
You feel sick.
You are no longer poisoned.
The water moccasin bites you.
You barely miss the water moccasin.
The water moccasin is moderately wounded.
The water moccasin bites you but does no damage.
You hit the water moccasin.
The water moccasin is heavily wounded.
The water moccasin bites you but does no damage.
The water moccasin barely misses you.
You hit the water moccasin.
The water moccasin is heavily wounded.
The water moccasin bites you.
* * * LOW HITPOINT WARNING * * *
You closely miss the water moccasin.
The water moccasin is heavily wounded.
The water moccasin bites you but does no damage.
You feel yourself speed up.
The water moccasin bites you but does no damage. x2
You hit the water moccasin.
The water moccasin is heavily wounded.
The water moccasin bites you but does no damage.
You miss the water moccasin.
The water moccasin is heavily wounded.
You feel less wooden.
Your +0 robe unmelds from your body.
The water moccasin bites you!
You die...

............#.####
............#.#
#........#..#[#
.........#..#.#
.........#....#
...Y.....##...#####
........##.......# .
......!.###.S....#
.. ...#... #.@....#
S.< ##......# ....
#.......# .....
#.......#
......######....####
................#
................#
####............#
#............#


You could see a water moccasin.

Vanquished Creatures
  A hound (D:5)
1 creature vanquished.

Notes
Turn   | Place    | Note
-------+----------+-------------------------------------------
     0 | D:5      | Descartes the Spriggan Delver began the quest for the Orb.
     0 | D:5      | Reached XP level 1. HP: 11/11 MP: 2/2
    13 | D:5      | Noticed a water moccasin
    28 | D:5      | Noticed a hound
    30 | D:5      | Noticed a sky beast
    35 | D:5      | Killed a hound
    36 | D:5      | Reached skill level 8 in Stealth
    36 | D:5      | Reached XP level 2. HP: 16/16 MP: 3/3
    36 | D:5      | Reached XP level 3. HP: 19/19 MP: 4/4
    53 | D:5      | Noticed a water moccasin
   106 | D:5      | Slain by a water moccasin

Illustrated notes

Levels and vault maps discovered:
D:5:      layout_basic, uniq_duvessa, uniq_menkaure, uniq_grinder

Skill      XL: |  1 |
---------------+----+-----
Dodging        | 3 |  3.3
Stealth        | 8 |  8.0
Fighting       | |  2.4
Short Blades   | |  2.7

Action                   || total
-------------------------++-------
Melee: Short sword       ||    26
  Use: Potion            ||     2
       Scroll            ||     1
 Stab: Sleeping          ||     1
Armor: Skin              ||    25
Dodge: Dodged            ||     5
